 Dungeon Crawl Stone Soup version 0.17-a0-1946-gfb768fe (webtiles) character file.

328 HungrySpirit the Cutter (level 6, -5/44 HPs)
             Began as a Vampire Skald on Oct 1, 2015.
             Killed by nerve-wracking pain
             ... invoked by Grinder
              (12 damage)
             ... on level 3 of the Dungeon.
             The game lasted 00:05:51 (2099 turns).

HungrySpirit the Cutter (Vampire Skald)             Turns: 2099, Time: 00:05:52

Health: -5/44      AC:  5    Str: 11    XL:     6   Next: 25%
Magic:  9/10       EV: 19    Int: 14    God:
Gold:   107        SH:  0    Dex: 21    Spells: 3 memorised, 5 levels left

rFire  . . .     SeeInvis +     e - +2 short sword (elec)
rCold  . . .     Clarity  .     b - +0 leather armour
rNeg   . . .     SustAt   .     (no shield)
rPois  .         Gourm    .     (no helmet)
rElec  .         Spirit   .     f - +1 cloak
rCorr  .         Warding  .     (no gloves)
rMut   .         Stasis   .     (no boots)
MR     .....                    (no amulet)
Stlth  ++++......               (no ring)
                                l - ring of stealth

@: agile, very slightly contaminated, regenerating quickly, not resistant to
hostile enchantments, stealthy
A: fangs 3, see invisible, unbreathing
a: no special abilities


You were on level 3 of the Dungeon.
You were very full.

You visited 1 branch of the dungeon, and saw 3 of its levels.

You collected 107 gold pieces.

Inventory:

Hand weapons
 e - a +2 short sword of electrocution (weapon)
Missiles
 k - 7 javelins (quivered)
Armour
 b - a +0 leather armour (worn)
 f - a +1 cloak (worn)
Jewellery
 i - an uncursed amulet of guardian spirit {unknown}
 l - a ring of stealth (left hand)
Scrolls
 g - a scroll of recharging
 h - a scroll of amnesia
 m - 2 scrolls of immolation
Potions
 a - a potion of resistance {unknown}
 d - a potion of blood
 o - a potion of ambrosia
 q - a potion of curing
Books
 c - a book of Battle

   Spells                             Type                      Level
   a - Infusion                       Charms                       1
   b - Shroud of Golubria             Charms/Translocation         2
   c - Song of Slaying                Charms                       2
   d - Spectral Weapon                Hexes/Charms                 3
   e - Regeneration                   Charms/Necromancy            3


   Skills:
 - Level 1.7 Fighting
 * Level 5.0 Short Blades
 - Level 0.7 Armour
 + Level 3.2 Dodging
 + Level 0.0 Stealth
 + Level 3.1 Spellcasting
 + Level 4.3 Charms


You had 5 spell levels left.
You knew the following spells:

 Your Spells              Type           Power        Failure   Level  Hunger
a - Infusion              Chrm           ##....       6%          1    #......
b - Shroud of Golubria    Chrm/Tloc      #.........   21%         2    ##.....
c - Regeneration          Chrm/Necr      #.........   38%         3    ###....


Dungeon Overview and Level Annotations

Branches:
Dungeon (3/15)

Altars:

Annotations:
D:3 Grinder


Innate Abilities, Weirdness & Mutations

Your natural rate of healing is unusually fast.
You have razor-sharp teeth.
You have supernaturally acute eyesight.
You can survive without breathing.


Message History

Unknown command.
Unknown command.
Read which item? (? for menu, Esc to quit)
Okay, then.
Drink which item? (? for menu, Esc to quit)
Okay, then.
Grinder gestures at you. Pain shoots through your body!
* * * LOW HITPOINT WARNING * * *
Drink which item? (? for menu, Esc to quit)
Not wearing; Degree: 0 You feel better.
You closely miss Grinder. Your bite misses Grinder. Grinder misses you.
You barely miss Grinder. Grinder hits you!
* * * LOW HITPOINT WARNING * * *
You writhe in agony.
* * * LOW HITPOINT WARNING * * *
Grinder gestures at you. Pain shoots through your body!
You die...

#.## #... # #### .? #
.### # ... # # ##.## #
.##.#...############ ##
.........5.@.......#
#####(
##.#...##########.#
#..... # ##.## #.#
#.%... #. #. #.# #.....
.##.##.### #.# #.....
.........# #.####.....
.......#.# #.##.....##
.....#.# ##.##.###.#
#..#.########.........##


You could see Grinder.

Vanquished Creatures
  The ghost of brucemayne the Chopper, an average HOBe of Trog (D:3)
  A scorpion (D:3)
  3 orc wizards (D:3)
  2 adders (D:2)
  A worm (D:2)
  A giant gecko (D:3)
  9 orcs (D:3)
  11 bats
  3 giant cockroaches
  8 hobgoblins
  6 jackals
  2 quokkas (D:2)
  6 giant newts
  7 goblins
  7 kobolds
  3 rats
71 creatures vanquished.

Notes
Turn   | Place    | Note
--------------------------------------------------------------
     0 | D:1      | HungrySpirit the Vampire Skald began the quest for the Orb.
     0 | D:1      | Reached XP level 1. HP: 16/16 MP: 3/3
     3 | D:1      | Noticed an electric eel
     3 | D:1      | Noticed an electric eel
   282 | D:1      | Reached XP level 2. HP: 22/22 MP: 5/5
   737 | D:2      | Reached XP level 3. HP: 8/27 MP: 2/6
  1542 | D:3      | Noticed Grinder
  1559 | D:2      | Learned a level 2 spell: Shroud of Golubria
  1584 | D:3      | Reached XP level 4. HP: 22/33 MP: 7/7
  1722 | D:3      | Noticed brucemayne's ghost (average HOBe)
  1732 | D:3      | Killed brucemayne's ghost
  1732 | D:3      | Reached skill level 4 in Short Blades
  1732 | D:3      | Reached XP level 5. HP: 20/38 MP: 3/9
  1844 | D:3      | Learned a level 3 spell: Regeneration
  1870 | D:3      | Reached XP level 6. HP: 37/44 MP: 10/10
  1879 | D:3      | Reached skill level 5 in Short Blades
  2088 | D:3      | Paralysed by Grinder for 4 turns
  2099 | D:3      | Killed from afar by Grinder

Vault maps used:
D:1:      arrival_aquarium_b, solitary_fountain
D:2:      minivault_14
D:3:      uniq_grinder

Action                   |  1- 3 |  4- 6 || total
-------------------------+-------+-------++-------
Melee: Short sword       |   171 |    93 ||   264
 Cast: Infusion          |     4 |     2 ||     6
       Shroud of Golubri |       |     1 ||     1
  Use: Scroll            |     9 |       ||     9
       Potion            |       |     2 ||     2
 Stab: Sleeping          |     1 |     2 ||     3
       Distracted        |       |     1 ||     1
  Eat: Corpse            |    14 |     6 ||    20
